 Dungeon Crawl Stone Soup version 0.14-a0-3367-g7c2a7eb (webtiles) character file.

1695 Sabsy the Insei (level 8, -6/58 HPs)
             Began as an Octopode Monk on Mar 19, 2014.
             Was a Believer of Dithmenos.
             Mangled by an ogre
             ... wielding a +0,+0 giant club
              (32 damage)
             ... on Level 3 of the Dungeon.
             The game lasted 00:43:09 (8918 turns).

Sabsy the Insei (Octopode Monk)                     Turns: 8918, Time: 00:43:10

HP  -6/58        AC  1     Str 10 (11) XL: 8   Next: 89%
MP  17/17        EV 14     Int 12      God: Dithmenos [**....]
Gold 136         SH  0     Dex 12 (14) Spells:  0 memorised,  7 levels left

rFire  + . .     SeeInvis .       - Unarmed
rCold  . . .     Clarity  +     (no shield)
rNeg   . . .     Conserve .     (helmet restricted)
rPois  +         rCorr    .     (no amulet)
rElec  .         rRot     .     j - ring of protection from fire
SustAb . .       Spirit   .     q - ring of magical power
rMut   .         Warding  .     r - ring of wizardry
Saprov . . .     Stasis   .     t - ring of protection from magic
MR     +....                    f - ring of poison resistance
                                (no ring)
                                (no ring)
                                (no ring)

@: wreathed by umbra, drained, somewhat resistant to hostile enchantments, very
stealthy
A: almost no armour, amphibious, 8 rings, constrict 8, camouflage 1, clarity,
deterioration 1, weak 1, gelatinous body 1
a: Shadow Step, Renounce Religion


You were on level 3 of the Dungeon.
You worshipped Dithmenos.
Dithmenos was pleased with you.
You were not hungry.

You visited 2 branches of the dungeon, and saw 8 of its levels.

You collected 178 gold pieces.
You spent 42 gold pieces at shops.

Inventory:

Magical devices
 m - a wand of frost (8)
 y - a wand of magic darts (13)
Comestibles
 b - 2 bread rations
Scrolls
 c - 2 scrolls of identify
 d - a scroll of remove curse
 i - a scroll of enchant weapon I
 o - a scroll of amnesia
Jewellery
 a - an uncursed ring of fire
 f - a ring of poison resistance (on tentacle)
 j - a ring of protection from fire (left tentacle)
 q - a ring of magical power (right tentacle)
 r - a ring of wizardry (on tentacle)
 t - a ring of protection from magic (on tentacle)
Potions
 g - 3 potions of curing
 h - a potion of paralysis {unknown}
 w - a potion of mutation


   Skills:
 + Level 6.6(5.6) Fighting
 + Level 6.9(5.9) Dodging
 - Level 4.4(3.5) Stealth
 + Level 7.2(6.2) Unarmed Combat


You had 7 spell levels left.
You didn't know any spells.

Dungeon Overview and Level Annotations

Branches:
Dungeon (7/15)             Temple (1/1) D:4

Altars:
Ashenzari
Cheibriados
Dithmenos
Elyvilon
Fedhas
Kikubaaqudgha
Makhleb
Nemelex Xobeh
Okawaru
Sif Muna
Trog
Vehumet
Xom
Yredelemnul
Zin
The Shining One

Shops:
D:4 !


Innate Abilities, Weirdness & Mutations

You cannot wear most types of armour.
You are amphibious.
You can wear up to eight rings at the same time.
You can use your tentacles to constrict many enemies at once.
Your skin changes colour to match your surroundings (Stlth).
Your rubbery body absorbs attacks (AC +1).
You possess an exceptional clarity of mind.
Your body is slowly deteriorating.
You are weak. (Str -2)


Message History

You finish eating.
That meat ration really hit the spot!
You start resting.
You feel your dexterity returning.
You start resting.
There is a stone staircase leading down here.
You climb downwards.
The ogre barely misses you.
There is a stone staircase leading up here.
You hit the ogre. You squeeze the ogre.
The ogre is moderately wounded.
The ogre hits you with a giant club!
You hit the ogre.
The ogre is heavily wounded.
The ogre hits you with a giant club!
You hit the ogre.
The ogre is severely wounded.
You hit the ogre but do no damage.
The ogre is severely wounded.
The ogre hits you with a giant club!
Ouch! That really hurt!
You die...

#....#.# #.....###.......
#.##...# ##..##.......(..
#....#.# #..............
####.#######..............
#.#...................%
#.#..#.##.#............
##....#.##.#.)%...######
#.......##.#......#
#.##.##@##.#......# ##
####.##.##O.....)....# #.
#.......##.##........# #.
####'#####...........# #.
#..........)#......# #.
#...........#......# #.
#.........#.#......# ###.
##....#####.##########.##
##...# #.............)


You could see an ogre.

Vanquished Creatures
  A water moccasin (D:6)
  An ogre (D:6)
  An ice beast (D:4)
  A black bear (D:6)
  3 centaurs (D:6)
  Blork the orc (D:6)
  A scorpion (D:6)
  A giant goldfish zombie (D:5)
  3 wights (D:4)
  3 killer bees
  2 crimson imps
  A goliath beetle (D:6)
  A quasit (D:6)
  An orc priest (D:4)
  2 hounds
  2 orc wizards
  A sky beast zombie (D:7)
  Ijyb (D:3)
  A scorpion zombie (D:6)
  7 adders
  A big fish zombie (D:5)
  A worm (D:2)
  A giant mite (D:4)
  4 giant geckos
  13 orcs
  8 bats
  A giant cockroach (D:2)
  9 hobgoblins
  2 jackals (D:2)
  5 kobolds
  4 quokkas
  A ball python (D:5)
  6 giant newts
  25 goblins
  A kobold skeleton (D:4)
  An orc skeleton (D:6)
  9 rats
127 creatures vanquished.

Vanquished Creatures (others)
  Jessica (D:3)
  An ooze (D:3)
2 creatures vanquished.

Grand Total: 129 creatures vanquished

Notes
Turn   | Place    | Note
--------------------------------------------------------------
     0 | D:1      | Sabsy, the Octopode Monk, began the quest for the Orb.
     0 | D:1      | Reached XP level 1. HP: 16/16 MP: 1/1
   369 | D:1      | Reached XP level 2. HP: 21/21 MP: 2/2
   802 | D:2      | Reached XP level 3. HP: 14/26 MP: 3/3
  1015 | D:2      | Found a shattered altar of Ashenzari.
  1452 | D:2      | Reached XP level 4. HP: 23/31 MP: 4/4
  2093 | D:3      | Noticed Ijyb
  2108 | D:3      | Killed Ijyb
  2221 | D:3      | Noticed Jessica
  2228 | D:3      | Killed Jessica
  2594 | D:4      | Found a staircase to the Ecumenical Temple.
  2602 | Temple   | Entered the Ecumenical Temple
  2846 | Temple   | Became a worshipper of Dithmenos
  2846 | Temple   | Acquired Dithmenos' first power
  2887 | D:4      | Reached XP level 5. HP: 35/37 MP: 5/5
  2890 | D:4      | Noticed an ogre
  3495 | D:4      | Found Gadewnonk's Distillery.
  3496 | D:4      | Noticed an ice beast
  3672 | D:4      | Noticed an ogre
  3846 | D:4      | Reached XP level 6. HP: 43/43 MP: 6/6
  3868 | D:5      | Entered Level 5 of the Dungeon
  4062 | D:5      | HP: 1/43 [giant goldfish zombie (11)]
  4372 | D:5      | Reached skill level 5 in Unarmed Combat
  4508 | D:5      | Found a basalt altar of Yredelemnul.
  5243 | D:6      | Reached skill level 5 in Dodging
  5243 | D:6      | Reached XP level 7. HP: 43/49 MP: 7/7
  5281 | D:6      | Gained mutation: You possess an exceptional clarity of mind. [potion of mutation]
  5281 | D:6      | Gained mutation: Your body is slowly deteriorating. [potion of mutation]
  5281 | D:6      | Gained mutation: You are weak. (Str -2) [potion of mutation]
  5569 | D:6      | Reached skill level 5 in Fighting
  5768 | D:6      | Noticed Blork the orc
  5782 | D:6      | Killed Blork the orc
  5995 | D:6      | Reached skill level 6 in Unarmed Combat
  6657 | D:6      | Reached XP level 8. HP: 29/56 MP: 8/8
  8248 | D:4      | Bought a potion of heal wounds for 42 gold pieces
  8374 | D:4      | Killed an ice beast
  8374 | D:4      | Reached skill level 7 in Unarmed Combat
  8918 | D:3      | Mangled by an ogre

Action                   |  1- 3 |  4- 6 |  7- 9 || total
-------------------------+-------+-------+-------++-------
Melee: Unarmed           |    60 |   159 |   180 ||   399
Throw: Dart              |     3 |    10 |     5 ||    18
  Use: Scroll            |       |    22 |     2 ||    24
       Potion            |       |     4 |    10 ||    14
 Stab: Sleeping          |    10 |    15 |     3 ||    28
       Invisible         |       |     3 |       ||     3
       Distracted        |       |       |     1 ||     1
